 Dungeon Crawl Stone Soup version 0.31-a0-188-g5e087ee2ca (webtiles) character file.

Game seed: 13371714322872257394

4750 qw the Markself (level 10, -7/58 HPs)
             Began as a Deep Elf Hunter on June 23, 2023.
             Was a Follower of Okawaru.
             Killed by the air
             ... invoked by Gastronok
              (35 damage)
             ... on level 8 of the Dungeon.
             The game lasted 00:03:12 (6547 turns).

qw the Markself (Deep Elf Hunter)                   Turns: 6547, Time: 00:03:12

Health: -7/58      AC: 13    Str: 12    XL:     10   Next: 23%
Magic:  12/14      EV: 17    Int: 15    God:    Okawaru [*.....]
Gold:   135        SH:  0    Dex: 18    Spells: 9/9 levels left

rFire   . . .        Y - +1 orcbow
rCold   + . .        (shield currently unavailable)
rNeg    . . .        e - +0 ring mail
rPois   .            (no helmet)
rElec   .            n - +0 cloak
rCorr   .            h - +0 pair of gloves
SInv    .            (no boots)
Will    +....        q - amulet of faith
Stlth   +++          b - ring of protection from cold
HPRegen 0.29/turn    d - +4 ring of protection
MPRegen 0.14/turn

%: faith
@: heroic
A: no striking features
a: Renounce Religion, Heroism


You were on level 8 of the Dungeon.
You worshipped Okawaru.
Okawaru was aware of your devotion.
You visited 1 branch of the dungeon, and saw 8 of its levels.
You also visited: Sewer.

You collected 367 gold pieces.
You spent 232 gold pieces at shops.


   Skills:
 + Level 4.9(9.9) Fighting
 - Level 16.0(21.0) Ranged Weapons
 - Level 2.0(7.0) Armour
 - Level 7.0(12.0) Dodging
 - Level 1.2(6.2) Stealth
 + Level 3.8 Invocations


You had 9 spell levels left.
You didn't know any spells.
Your spell library was empty.

Inventory:

Hand Weapons
 Y - a +1 orcbow (weapon)
Armour
 e - a +0 ring mail (worn)
 h - a +0 pair of gloves (worn)
 n - a +0 cloak (worn)
Jewellery
 b - a ring of protection from cold (left hand)
 d - a +4 ring of protection (right hand)
 j - an amulet of reflection
 q - an amulet of faith (around neck)
Scrolls
 f - 2 scrolls of identify
Potions
 g - 4 potions of curing
 i - 3 potions of haste
 k - a potion of enlightenment
 l - a potion of might
 m - a potion of cancellation

Dungeon Overview and Level Annotations

Branches:
Dungeon (8/15)             Temple (0/1) D:7           Sewer (visited)
   Lair: D:8-11

Altars:
Ashenzari
Cheibriados
Elyvilon
Kikubaaqudgha
Okawaru
Xom
Zin

Shops:
D:1 *   D:2 ?   D:7 ?

Annotations:
D:8 Gastronok


Message History

The volley of spikes hits you!
The barbed spikes become lodged in your body.
6536 ||| DRINKING potion of heal wounds.
You feel much better.
The manticore flicks its tail.
The volley of spikes misses you.
You shoot an arrow. The arrow hits the manticore!
The manticore is lightly wounded.
You shoot an arrow. The arrow barely misses the manticore.
You shoot an arrow. The arrow hits the manticore!
The manticore is moderately wounded.
The manticore flicks its tail.
The volley of spikes hits you!
The barbed spikes become lodged in your body.
You shoot an arrow. The arrow hits the manticore!
The manticore is heavily wounded.
You shoot an arrow. The arrow barely misses the manticore.
The manticore flicks its tail.
The volley of spikes misses you.
You shoot an arrow. The arrow hits the manticore.
The manticore is severely wounded.
You shoot an arrow. The arrow closely misses the manticore.
The manticore flicks its tail.
The volley of spikes hits you.
The barbed spikes become lodged in your body.
You shoot an arrow. The arrow hits the manticore!
You kill the manticore!
Okawaru is honoured by your kill.
You can now gain great but temporary skills.
You start resting.
Gastronok is nearby!
6546 ||| INVOKING Heroism.
You gain the combat prowess of a mighty hero.
You shoot an arrow. The arrow hits Gastronok.
Gastronok is lightly wounded.
You carefully extract the barbed spikes from your body.
Gastronok waves his eye-stalks in wide circles.
The air twists around and strikes you!!
Ouch! That really hurt!
You die...

######### #.........# #........#
........# #.........# #........#
....)...## #.........# #........#
...))>...###.........###........#
..........%...........w....)..w..
.......%..##.........###...)....#
.....................###........#
........##.###.#....).###########
........##.###.#@####.######## #
.............#.#..<...)......# #
........####...%.............# #
......... #..##%............# #
######.#......##.............# #
#. ##.##................# # #.
####.............# # #
.....########### # ####.# #


You could see Gastronok.

Vanquished Creatures
  A manticore (D:8)
  Prince Ribbit (D:6)
  A wraith (D:7)
  A yak (D:7)
  A wyvern (D:6)
  2 steam dragons
  2 water moccasins
  2 ice beasts
  3 orc warriors
  2 sky beasts
  2 black bears
  2 ogres
  A centaur (D:5)
  A phantom (D:4)
  A kobold brigand (Sewer)
  3 bullfrogs
  3 scorpions
  3 wights (D:7)
  4 killer bees
  4 howler monkeys
  5 jellies
  3 gnoll boudas
  3 hounds
  6 orc priests
  A sleepcap (D:5)
  8 orc wizards
  An iguana (D:5)
  11 gnolls
  17 adders
  2 river rats (Sewer)
  A shadow imp (D:7)
  A white imp (D:8)
  2 ufetubi
  2 worms (D:5)
  2 dart slugs
  27 orcs
  6 endoplasms
  3 giant cockroaches
  6 goblins
  6 hobgoblins
  4 jackals
  4 quokkas
  7 ball pythons
  6 bats
  5 frilled lizards
  12 kobolds
  9 rats
200 creatures vanquished.

Vanquished Creatures (others)
  An orc (D:7)
1 creature vanquished.

Grand Total: 201 creatures vanquished

Notes
Turn   | Place    | Note
-------+----------+-------------------------------------------
     0 | D:1      | qw the Deep Elf Hunter began the quest for the Orb.
     0 | D:1      | Reached XP level 1. HP: 12/12 MP: 3/3
     0 | D:1      | 0 ||| qw: Version: 0.3-a-9-g12657ce
     0 | D:1      | 0 ||| qw: Game counter: 3966
     0 | D:1      | 0 ||| qw: Always use a shield: true
     0 | D:1      | 0 ||| qw: God list: Okawaru
     0 | D:1      | 0 ||| qw: Allow faded altars: false
     0 | D:1      | 0 ||| qw: Do Orc after D:15 true
     0 | D:1      | 0 ||| qw: Do second Lair branch before Depths: true
     0 | D:1      | 0 ||| qw: Lair rune preference: random
     0 | D:1      | 0 ||| qw: Plans: Normal
     0 | D:1      | 0 ||| PLANNING D:1-11
   235 | D:1      | Reached XP level 2. HP: 16/16 MP: 4/4
   260 | D:1      | Reached skill level 6 in Ranged Weapons
   300 | D:1      | Found Ireibb's Assorted Antiques.
   313 | D:1      | 313 ||| BUYING brown potion (15 gold).
   313 | D:1      | Bought a brown potion for 15 gold pieces
   313 | D:1      | 313 ||| BUYING fuming inky potion (15 gold).
   313 | D:1      | Bought a fuming inky potion for 15 gold pieces
   313 | D:1      | 313 ||| SHOPLISTING runed scarf (136 gold, have 22).
   313 | D:1      | 313 ||| BUYING scroll labelled HOHAFOS KENEOK (17 gold).
   313 | D:1      | Bought a scroll labelled HOHAFOS KENEOK for 17 gold pieces
   313 | D:1      | 313 ||| SHOPLISTING scroll labelled INIARCHEOQU (17 gold,
                  | have 5).
   313 | D:1      | 313 ||| SHOPLISTING scroll labelled JEBLAI YVY TED (17
                  | gold, have 5).
   682 | D:1      | 682 ||| UPGRADING to +0 ring mail.
   692 | D:1      | 692 ||| DROPPING +0 leather armour.
   693 | D:1      | 693 ||| UPGRADING to +0 pair of gloves.
   698 | D:1      | 698 ||| READING scroll labelled JEBLAI YVY TED.
   699 | D:1      | 699 ||| READING scroll labelled HOHAFOS KENEOK.
   730 | D:1      | 730 ||| READING scroll labelled MOLUF QUTON.
   731 | D:1      | 731 ||| READING scroll labelled ADGHEB QOUPEDD.
   732 | D:1      | 732 ||| DRINKING 2 clear potions.
   733 | D:1      | 733 ||| DRINKING 3 brown potions.
   734 | D:1      | 734 ||| DRINKING 2 orange potions.
   782 | D:1      | 782 ||| DROPPING scroll of butterflies.
   783 | D:1      | 783 ||| DROPPING potion of attraction.
   784 | D:1      | 784 ||| DROPPING potion of lignification.
   895 | D:2      | Reached XP level 3. HP: 10/20 MP: 5/5
   946 | D:2      | Found Nuolympo's Magic Scroll Boutique.
   955 | D:2      | 955 ||| SHOPLISTING scroll of brand weapon (133 gold, have
                  | 14).
   955 | D:2      | 955 ||| SHOPLISTING scroll of identify (28 gold, have 14).
  1205 | D:2      | 1205 ||| READING scroll of enchant weapon.
  1205 | D:2      | 1205 ||| ENCHANTING +1 shortbow.
  1279 | D:2      | Reached skill level 7 in Ranged Weapons
  1615 | D:2      | 1615 ||| UPGRADING to ring of protection from cold.
  1616 | D:2      | 1616 ||| UPGRADING to +4 ring of protection.
  1617 | D:2      | 1617 ||| READING 3 scrolls labelled HIMY SOENTOT.
  1618 | D:2      | 1618 ||| READING 2 scrolls of brand weapon.
  1618 | D:2      | 1618 ||| BRANDING +2 shortbow of freezing.
  1619 | D:2      | 1619 ||| READING scroll of brand weapon.
  1619 | D:2      | 1619 ||| BRANDING +2 shortbow of electrocution.
  1620 | D:2      | 1620 ||| READING scroll labelled SEM JALOIHYCE.
  1621 | D:2      | 1621 ||| READING scroll labelled JETEXK LIOLA.
  1622 | D:2      | 1622 ||| DRINKING 2 fuming inky potions.
  1766 | D:3      | Reached XP level 4. HP: 21/25 MP: 6/6
  1774 | D:3      | Reached skill level 8 in Ranged Weapons
  2037 | D:3      | Found a snail-covered altar of Cheibriados.
  2072 | D:3      | Reached XP level 5. HP: 29/29 MP: 7/7
  2160 | D:3      | 2160 ||| UPGRADING to amulet of guardian spirit.
  2165 | D:3      | 2165 ||| READING 2 scrolls of identify.
  2165 | D:3      | 2165 ||| IDENTIFYING fizzy cyan potion
  2204 | D:4      | Noticed a phantom
  2213 | D:4      | Killed a phantom
  2214 | D:4      | Reached skill level 9 in Ranged Weapons
  2245 | D:4      | Reached XP level 6. HP: 19/35 MP: 5/8
  2247 | D:4      | HP: 4/35 [gnoll/+0 halberd[a gnoll bouda] (6)]
  2447 | D:4      | 2447 ||| STAIRDANCE
  2696 | D:4      | 2696 ||| READING scroll labelled YVECHYWIMI.
  2709 | D:5      | Entered Level 5 of the Dungeon
  2710 | D:5      | 2710 ||| PLANNING SEWER
  2717 | D:5      | Reached skill level 10 in Ranged Weapons
  2853 | D:5      | Reached skill level 3 in Dodging
  2858 | D:5      | Reached XP level 7. HP: 40/40 MP: 9/9
  2869 | D:5      | Found a broken altar of Ashenzari.
  2908 | D:5      | Reached skill level 1 in Armour
  3000 | D:5      | 3000 ||| FLEEEEING.
  3011 | D:5      | Reached skill level 11 in Ranged Weapons
  3219 | D:5      | Found a glowing drain.
  3225 | D:5      | 3225 ||| UPGRADING to +0 cloak.
  3230 | D:5      | 3230 ||| READING scroll labelled MAPSEA PEENAC.
  3232 | D:5      | 3232 ||| Stepping ~*~*~tactically~*~*~ (cloud).
  3318 | Sewer    | Entered a sewer
  3330 | Sewer    | Reached skill level 12 in Ranged Weapons
  3345 | Sewer    | 3345 ||| Stepping ~*~*~tactically~*~*~ (water).
  3370 | Sewer    | 3370 ||| Stepping ~*~*~tactically~*~*~ (water).
  3383 | Sewer    | 3383 ||| Stepping ~*~*~tactically~*~*~ (water).
  3421 | Sewer    | Reached XP level 8. HP: 45/45 MP: 10/10
  3730 | Sewer    | 3730 ||| READING scroll labelled AZERO DYPO.
  3730 | Sewer    | Identified a scroll of acquirement
  3730 | Sewer    | 3730 ||| ACQUIRING amulet of reflection
  3730 | Sewer    | Acquired an amulet of reflection
  3732 | Sewer    | 3732 ||| UPGRADING to amulet of reflection.
  3773 | Sewer    | 3773 ||| Stepping ~*~*~tactically~*~*~ (water).
  3862 | Sewer    | 3862 ||| DROPPING amulet of guardian spirit.
  3911 | D:5      | 3911 ||| PLANNING D:1-11
  4015 | D:5      | Reached skill level 3 in Fighting
  4207 | D:5      | 4207 ||| READING 2 scrolls of identify.
  4207 | D:5      | 4207 ||| IDENTIFYING bubbling grey potion
  4300 | D:6      | Reached skill level 13 in Ranged Weapons
  4443 | D:6      | Noticed Prince Ribbit
  4447 | D:6      | Reached skill level 14 in Ranged Weapons
  4456 | D:6      | HP: 8/46 [Prince Ribbit (7)]
  4457 | D:6      | 4457 ||| READING 2 scrolls of teleportation.
  4637 | D:6      | 4637 ||| DRINKING 4 potions of curing.
  4637 | D:6      | 4637 ||| (to cure confusion)
  4689 | D:6      | 4689 ||| READING scroll of enchant weapon.
  4689 | D:6      | 4689 ||| ENCHANTING +2 heavy shortbow.
  4786 | D:6      | Reached XP level 9. HP: 51/51 MP: 11/11
  4877 | D:6      | Killed Prince Ribbit
  4892 | D:6      | Found a white marble altar of Elyvilon.
  4893 | D:6      | Found an ancient bone altar of Kikubaaqudgha.
  4894 | D:6      | Found a shimmering altar of Xom.
  4894 | D:6      | Found a glowing silver altar of Zin.
  4966 | D:6      | 4966 ||| READING 2 scrolls labelled TOTIMA XOME CUE.
  4967 | D:6      | 4967 ||| DRINKING 2 coppery potions.
  4968 | D:6      | 4968 ||| READING 2 scrolls of identify.
  4968 | D:6      | 4968 ||| IDENTIFYING pink potion
  4969 | D:6      | 4969 ||| DROPPING potion of brilliance.
  4970 | D:6      | 4970 ||| DROPPING scroll of amnesia.
  5125 | D:7      | 5125 ||| SWAPPING to +0 orcbow.
  5126 | D:7      | 5126 ||| DROPPING +3 heavy shortbow.
  5156 | D:7      | Found an iron altar of Okawaru.
  5157 | D:7      | 5157 ||| PLANNING OKAWARU WORSHIP
  5170 | D:7      | Became a worshipper of Warmaster Okawaru
  5171 | D:7      | 5171 ||| PLANNING D:1-11
  5287 | D:7      | Found a staircase to the Ecumenical Temple.
  5547 | D:7      | Reached skill level 15 in Ranged Weapons
  5592 | D:7      | Found The Oracle's Delphic Readings.
  5596 | D:7      | 5596 ||| BUYING 2 scrolls of teleportation (60 gold).
  5596 | D:7      | Bought 2 scrolls of teleportation for 60 gold pieces
  5596 | D:7      | 5596 ||| BUYING scroll of enchant weapon (75 gold).
  5596 | D:7      | Bought a scroll of enchant weapon for 75 gold pieces
  5596 | D:7      | 5596 ||| BUYING scroll of identify (20 gold).
  5596 | D:7      | Bought a scroll of identify for 20 gold pieces
  5596 | D:7      | 5596 ||| BUYING scroll of teleportation (30 gold).
  5596 | D:7      | Bought a scroll of teleportation for 30 gold pieces
  5596 | D:7      | 5596 ||| READING scroll of enchant weapon.
  5596 | D:7      | 5596 ||| ENCHANTING +0 orcbow.
  5674 | D:7      | Reached * piety under Okawaru
  5681 | D:7      | Reached skill level 1 in Invocations
  5703 | D:7      | 5703 ||| INVOKING Heroism.
  5704 | D:7      | 5704 ||| Stepping ~*~*~tactically~*~*~ (cloud).
  5709 | D:7      | Reached skill level 16 in Ranged Weapons
  5841 | D:7      | 5841 ||| UPGRADING to amulet of faith.
  5851 | D:7      | 5851 ||| READING scroll labelled DUKKAYL UFIOT.
  5852 | D:7      | 5852 ||| READING 3 scrolls of identify.
  5852 | D:7      | 5852 ||| IDENTIFYING murky blue potion
  5884 | D:8      | 5884 ||| INVOKING Heroism.
  5894 | D:8      | Reached skill level 6 in Dodging
  5897 | D:8      | 5897 ||| Stepping ~*~*~tactically~*~*~ (outnumbered).
  5904 | D:8      | 5904 ||| Stepping ~*~*~tactically~*~*~ (cloud).
  5909 | D:8      | 5909 ||| INVOKING Heroism.
  5916 | D:8      | Reached skill level 3 in Invocations
  5917 | D:8      | Reached XP level 10. HP: 21/56 MP: 11/14
  5920 | D:8      | 5920 ||| Stepping ~*~*~tactically~*~*~ (cloud).
  5924 | D:8      | 5924 ||| INVOKING Heroism.
  5926 | D:8      | HP: 14/56 [gnoll/+0 halberd[a gnoll bouda] (6)]
  5927 | D:8      | 5927 ||| READING 4 scrolls of teleportation.
  5928 | D:8      | 5928 ||| DRINKING potion of heal wounds.
  6023 | D:8      | 6023 ||| INVOKING Heroism.
  6088 | D:8      | Noticed Gastronok
  6090 | D:8      | 6090 ||| FLEEEEING.
  6116 | D:8      | 6116 ||| FLEEEEING.
  6117 | D:8      | 6117 ||| FLEEEEING.
  6118 | D:8      | 6118 ||| FLEEEEING.
  6138 | D:8      | 6138 ||| FLEEEEING.
  6176 | D:8      | HP: 13/56 [Gastronok/the air (14)]
  6177 | D:8      | 6177 ||| READING 3 scrolls of teleportation.
  6180 | D:8      | 6180 ||| READING 2 scrolls of teleportation.
  6189 | D:8      | HP: 1/56 [orc priest/divine providence (17)]
  6190 | D:8      | 6190 ||| READING scroll of teleportation.
  6416 | D:8      | Noticed a manticore
  6417 | D:8      | 6417 ||| INVOKING Heroism.
  6501 | D:8      | 6501 ||| INVOKING Heroism.
  6505 | D:8      | HP: 10/57 [Gastronok/the air (24)]
  6506 | D:8      | 6506 ||| FLEEEEING.
  6507 | D:8      | 6507 ||| FLEEEEING.
  6508 | D:8      | 6508 ||| FLEEEEING.
  6528 | D:8      | 6528 ||| FLEEEEING.
  6535 | D:8      | HP: 11/57 [manticore/volley of spikes (8)]
  6536 | D:8      | 6536 ||| DRINKING potion of heal wounds.
  6544 | D:8      | Killed a manticore
  6546 | D:8      | 6546 ||| INVOKING Heroism.
  6547 | D:8      | Killed from afar by Gastronok

Levels and vault maps discovered:
D:1:      roderic_crossed_star, layout_loops_ring, serial_shops, shop
D:2:      layout_basic, serial_shops, nicolae_lakefront_shop
D:3:      layout_rooms, nicolae_overflow_hidden_temple
D:4:      layout_basic
D:5:      minmay_spotlight, layout_gridville, ashenzari_conservatory_becter,
          cheibrodos_sewer_entry_bend
D:6:      layout_basic, mainiacjoe_overflow_alcove_3, corexii_checkpoint_b,
          uniq_prince_ribbit1
D:7:      minmay_chambers_of_fours, layout_rooms, mainiacjoe_overflow_boulevard,
          minmay_temple_entry_proselytizer, nicolae_nh_oracle_at_delphi
D:8:      layout_basic, uniq_gastronok

Skill      XL: |  1  2  3  4  5  6  7  8  9 10 |
---------------+-------------------------------+-----
Ranged Weapons | 6 7 8 9 10 12 14 16 | 16.0
Fighting       | 2 3 4 |  4.9
Dodging        | 3 5 6 7 |  7.0
Armour         | 1 2 |  2.0
Invocations    | 3 |  3.8
Stealth        | |  1.2

Action                     |  1- 3 |  4- 6 |  7- 9 | 10-12 || total
---------------------------+-------+-------+-------+-------++-------
   Fire: Shortbow          |    90 |    82 |   200 |       ||   372
         Orcbow            |       |       |   159 |   129 ||   288
 Invoke: Heroism           |       |       |     3 |     5 ||     8
    Use: Scroll            |    10 |     2 |    10 |     4 ||    26
         Potion            |     4 |       |     2 |     2 ||     8
 Armour: Leather armour    |     3 |       |       |       ||     3
         Ring mail         |     8 |    23 |    62 |    14 ||   107
  Dodge: Dodged            |    19 |    52 |   100 |    39 ||   210
  Block: Other             |       |       |    28 |       ||    28
         Reflection        |       |       |     4 |       ||     4

Table legend:
 A = Non-vault XP
 B = Vault XP
 C = Vault XP percentage of total XP
 D = Non-vault monster count
 E = Vault monster count
 F = Vault count percentage of total count
                 A         B        C        D         E       F
            +---------+---------+-------+---------+---------+-------
      Total |    5193 |    1594 |  23.5 |     163 |      37 |  18.5
            +---------+---------+-------+---------+---------+-------
        D:1 |      23 |       0 |   0.0 |      16 |       0 |   0.0
        D:2 |      50 |       0 |   0.0 |      18 |       0 |   0.0
        D:3 |     132 |       0 |   0.0 |      19 |       0 |   0.0
        D:4 |     286 |       0 |   0.0 |      19 |       0 |   0.0
        D:5 |     770 |     225 |  22.6 |      16 |       6 |  27.3
        D:6 |    1178 |     268 |  18.5 |      19 |       1 |   5.0
        D:7 |     938 |     894 |  48.8 |      24 |       9 |  27.3
        D:8 |    1816 |       0 |   0.0 |      32 |       0 |   0.0
      Sewer |       0 |     207 | 100.0 |       0 |      21 | 100.0
            +---------+---------+-------+---------+---------+-------
